 Dungeon Crawl Stone Soup version 0.23.2-30-g0e89c35649 (webtiles) character file.

Game seed: 7088734826490222352

79 troglodite the Charmwright (level 4, -2/34 HPs)
             Began as a Barachi Skald on June 17, 2019.
             Slain by Natasha (8 damage)
             ... on level 2 of the Dungeon.
             The game lasted 00:06:58 (2399 turns).

troglodite the Charmwright (Barachi Skald)          Turns: 2399, Time: 00:06:59

Health: -2/34      AC:  5    Str: 13    XL:     4   Next: 37%
Magic:  4/8        EV: 11    Int: 14    God:
Gold:   89         SH:  3    Dex:  8    Spells: 1/8 levels left

rFire    . . .     SeeInvis .   a - +0 spear
rCold    . . .     Gourm    .   j - +0 buckler
rNeg     . . .     Faith    .   b - +0 leather armour
rPois    .         Spirit   .   (no helmet)
rElec    .         Reflect  .   h - +1 cloak
rCorr    .         Harm     .   (no gloves)
MR       .....                  (no boots)
Stlth    ..........             (no amulet)
HPRegen  0.11/turn              o - ring of attention (curse)
MPRegen  0.11/turn              f - -3 ring of dexterity (curse)

@: infused, slow
A: +LOS, swims, slowness 1, strong legs 1
a: Hop


You were on level 2 of the Dungeon.
You were not hungry.

You visited 1 branch of the dungeon, and saw 2 of its levels.

You collected 89 gold pieces.

Inventory:

Hand Weapons
 a - a +0 spear (weapon)
Armour
 b - a +0 leather armour (worn)
 h - a +1 cloak (worn)
 j - a +0 buckler (worn)
Jewellery
 f - a cursed -3 ring of dexterity (right hand)
 o - a cursed ring of attention (left hand)
Scrolls
 e - a scroll of identify
Potions
 c - a potion of haste {unknown}
 i - 2 potions of flight {unknown}
 k - a potion of cancellation {unknown}
 l - 2 potions of curing
Comestibles
 d - 5 rations
 g - a chunk of flesh


   Skills:
 * Level 2.9 Fighting
 + Level 2.3 Polearms
 * Level 2.1 Armour
 * Level 2.6 Dodging
 * Level 0.8 Shields
 * Level 2.8 Spellcasting
 * Level 0.5 Hexes
 * Level 3.8 Charms


You had one spell level left.
You knew the following spells:

 Your Spells              Type           Power        Failure   Level  Hunger
a - Infusion              Chrm           ##..         9%          1    #......
b - Spectral Weapon       Hex/Chrm       #.......     45%         3    ###....
c - Regeneration          Chrm/Necr      #.........   50%         3    ###....

Your spell library contained the following spells:

 Spells                   Type           Power        Failure   Level  Hunger
 Song of Slaying          Chrm           ##......     13%         2    ##.....
 Shroud of Golubria       Chrm/Tloc      #.........   28%         2    ##.....


Dungeon Overview and Level Annotations

Branches:
Dungeon (2/15)

Altars:
Qazlal
Sif Muna
Vehumet

Annotations:
D:2 2 transporters, Natasha


Innate Abilities, Weirdness & Mutations

Shadows flee at your approach. (+LOS)
You can swim through water.
You cover ground slowly.
You can hop short distances.


Message History

You hit Natasha.
Natasha is heavily wounded.
Natasha claws you.
You barely miss Natasha.
Natasha is heavily wounded.
Natasha claws you.
You barely miss Natasha.
Natasha is heavily wounded.
Natasha claws you.
* * * LOW HITPOINT WARNING * * *
The crimson imp hits you but does no damage.
You hit Natasha.
Natasha is severely wounded.
Natasha claws you.
* * * LOW HITPOINT WARNING * * *
The crimson imp hits you but does no damage.
You hit Natasha.
Natasha is almost dead.
Natasha claws you!
You die...

#..# #.##....#.........
##.## #.##....#......###
#..# #.##....#......#
##.## ........###....#
#..# #..###### #.##.#
**####*##.......# #.##.#
*,,,,,,,........###....#
*,⌠,⌠,⌠,#h.............###
*,,,,,,,#@5..)..# #.......
*>,,,,,,+.......# #....###
*,,,,,,,#.......# ###..#
*,⌠,⌠,⌠,#.......# ###..###
###### *,,,,,,,#.#######
#......# .....#
******###.#########....#.#
.....# ###
#.#.........#....#.#
.....# #.#
#..................#
.....#
#.####...........(......


You could see Natasha and a crimson imp.

Vanquished Creatures
  Natasha (D:2)
  An adder (D:2)
  A worm (D:2)
  A leopard gecko (D:1)
  5 bats (D:1)
  3 giant cockroaches
  3 goblins (D:1)
  7 hobgoblins
  4 jackals
  4 kobolds
  3 frilled lizards
  6 rats
39 creatures vanquished.

Vanquished Creatures (others)
  5 toadstools (D:1)
5 creatures vanquished.

Grand Total: 44 creatures vanquished

Notes
Turn   | Place    | Note
-------+----------+-------------------------------------------
     0 | D:1      | troglodite the Barachi Skald began the quest for the Orb.
     0 | D:1      | Reached XP level 1. HP: 17/17 MP: 3/3
   360 | D:1      | Reached XP level 2. HP: 23/23 MP: 5/5
   844 | D:1      | Reached XP level 3. HP: 20/28 MP: 6/6
   868 | D:1      | Learned a level 3 spell: Spectral Weapon
  1214 | D:2      | Found a deep blue altar of Sif Muna.
  1855 | D:2      | Found a radiant altar of Vehumet.
  1855 | D:2      | Noticed a wyvern
  1858 | D:2      | Found a transporter.
  1883 | D:2      | Found a transporter.
  1934 | D:2      | Found a stormy altar of Qazlal.
  2036 | D:2      | Noticed Natasha
  2046 | D:2      | Killed Natasha
  2046 | D:2      | Reached XP level 4. HP: 17/34 MP: 2/8
  2051 | D:2      | Learned a level 3 spell: Regeneration
  2387 | D:2      | Noticed Natasha
  2399 | D:2      | Slain by Natasha

Skill      XL: |  1  2  3 |
---------------+----------+-----
Armour         | 2 |  2.1
Fighting       | |  2.9
Polearms       | |  2.3
Dodging        | |  2.6
Shields        | |  0.8
Spellcasting   | |  2.8
Hexes          | |  0.5
Charms         | |  3.8

Action                   |  1- 3 |  4- 6 || total
-------------------------+-------+-------++-------
Melee: Spear             |   160 |    25 ||   185
 Cast: Infusion          |     4 |     1 ||     5
  Use: Scroll            |     5 |       ||     5
  Eat: Chunk             |     4 |     1 ||     5
Armor: Leather armour    |    50 |     2 ||    52
Dodge: Dodged            |   109 |     5 ||   114
Block: Buckler           |    14 |     2 ||    16
